 Dungeon Crawl Stone Soup version 0.31.0-9-g3a7656b989 (webtiles) character file.

Game seed: 14430144468527517994

8 Colgate the Poker (level 2, 18/24 HPs)
             Began as a Demonspawn Cinder Acolyte on Jan 30, 2024.
             Was a High Priest of Ignis.
             Quit the game on level 1 of the Dungeon.
             The game lasted 00:00:16 (183 turns).

Colgate the Poker (Demonspawn Cinder Acolyte)        Turns: 183, Time: 00:00:17

Health: 18/24      AC:  2    Str: 14    XL:     2   Next: 0%
Magic:  3/3        EV: 11    Int: 14    God:    Ignis [*****.]
Gold:   0          SH:  0    Dex:  8    Spells: 3/3 levels left

rFire   + . .        a - -1 spear (flame)
rCold   . . .        (no shield)
rNeg    . . .        b - +0 robe
rPois   .            (helmet restricted)
rElec   .            (no cloak)
rCorr   .            (no gloves)
SInv    .            (no boots)
Will    .....        (no amulet)
Stlth   +            (no ring)
HPRegen 0.24/turn    (no ring)
MPRegen 0.08/turn

%: no passive effects
@: no status effects
A: antennae 1
a: Renounce Religion, Fiery Armour, Foxfire Swarm, Rising Flame


You were on level 1 of the Dungeon.
You worshipped Ignis.
Ignis was extremely pleased with you.
You visited 1 branch of the dungeon, and saw 1 of its levels.

Inventory:

Hand Weapons
 a - a -1 spear of flaming (weapon)
Armour
 b - a +0 robe (worn)
Scrolls
 c - a scroll of poison {unknown}


   Skills:
 - Level 3.0 Fighting
 + Level 3.2 Polearms
 - Level 1.0 Spellcasting
 - Level 2.6 Fire Magic


You had 3 spell levels left.
You didn't know any spells.
Your spell library contained the following spells:

 Spells                   Type           Power      Damage    Failure   Level
 Scorch                   Fire           16%        2d5       13%         2
 Kiss of Death            Conj/Necr      0%         2d5       26%         1
 Confusing Touch          Hex            0%         N/A       61%         3
 Dispel Undead            Necr           0%         3d6       95%         4


Dungeon Overview and Level Annotations

Branches:
Dungeon (1/15)

Altars:


Innate Abilities, Weirdness & Mutations

You have a pair of small antennae on your head.


Message History

No target in view!
You see here a +0 hand axe.
Key pressed, stopping explore.
No target in view!
Key pressed, stopping explore.
No target in view!
Found 6 stones.
No target in view!
Key pressed, stopping explore.
No target in view!
A quokka and a goblin come into view.
The goblin shouts!
There are monsters nearby!
You reach to attack!
You hit the goblin but do no damage.
There are monsters nearby!
You closely miss the goblin. The quokka barely misses you.
The goblin hits you but does no damage. The quokka bites you.
There are monsters nearby!
You closely miss the goblin. The goblin hits you but does no damage.
The quokka closely misses you.
There are monsters nearby!
You completely miss the goblin. The goblin hits you with a +0 dagger.
The quokka bites you.
There are monsters nearby!
You hit the goblin. You burn the goblin.
You kill the goblin!
The quokka barely misses you.
You have reached level 2!
You feel monstrous as your demonic heritage exerts itself.
Your demonic ancestry asserts itself...
A pair of antennae grows on your head!
You aren't carrying any potions.
The quokka barely misses you.
Things that are here:
a +0 dagger; a goblin corpse You aren't carrying any potions.
You don't know any spells.
You aren't carrying any potions.
You aren't carrying any potions.
Are you sure you want to abandon this character and quit the game? (Confirm with "yes".)

.... .... # ### ...
.# # #.# ..###.# #.#
#.#######+#.....#
#.# #......##.#....
#.# #......##.#..#
#.# #......##.#@r# #
#.#
#......##.##.#..###
#.#
#...................
#(#
#.#+##########..####
#.####.#.# #.#
.......#.# .#
##.#####.# # .#.#
#.# .#.# #.#


You could see a quokka.

Vanquished Creatures
  An endoplasm (D:1)
  A goblin (D:1)
  A quokka (D:1)
  A ball python (D:1)
  A bat (D:1)
  A frilled lizard (D:1)
  3 rats (D:1)
9 creatures vanquished.

Notes
Turn   | Place    | Note
-------+----------+-------------------------------------------
     0 | D:1      | Colgate the Demonspawn Cinder Acolyte began the quest for
                  | the Orb.
     0 | D:1      | Reached XP level 1. HP: 18/18 MP: 2/2
   182 | D:1      | Discovered your monstrous ancestry.
   182 | D:1      | Gained mutation: You have a pair of small antennae on your
                  | head. [demonic ancestry]
   182 | D:1      | Reached XP level 2. HP: 18/24 MP: 3/3
   183 | D:1      | Quit the game

Illustrated notes

Levels and vault maps discovered:
D:1:      mrwooster_arrival_statue_2, layout_basic, roderic_lattice_a,
          minmay_misc_feat_pillars

Skill      XL: |  1 |
---------------+----+-----
Polearms       | 3 |  3.2
Fighting       | |  3.0
Spellcasting   | |  1.0
Fire Magic     | |  2.6

Action                     || total
---------------------------++-------
  Melee: Spear             ||    25
 Armour: Robe              ||    12
  Dodge: Dodged            ||     6
